cohdb
Replays
Latest Replays
All Replays
Popular Replays
Top Player Replays
Match Explorer
How It Works
Community
CoH3 Stats
Reddit
Sign in to upload your games and track your stats! →
Sign in with Steam
Match 41925665
Unlisted
Match 41925665
Overview
Messages
Build Orders
End
Royal Engineer Section
Construct Section Command Post
Infantry Section
Infantry Section
Infantry Section
Construct Platoon Command Post
CMP 15cwt Truck
Grenade Package
Vickers Machine Gun Team
Vickers Machine Gun Team
Construct Company Command Post
Matilda II Heavy Tank
Foot Guards Section
CMP 15cwt Truck
Foot Guards Section
Selects Canadian Shock Battlegroup
Selects Incendiary Munitions
Selects Pyrotechnics
Matilda II Heavy Tank
Selects Attacking Spirit
Selects Churchill Crocodile Heavy Tank
Fabius Maximus
The World
Soviet☭
TheCreepy
S.S.Vodka
Definitely Not Juzo
0
0
Comments
sign in to comment!
No comments posted yet!